AoeStats
← Tinkerino

Nomad

506506005Analyzed
4v4 RM · 17d ago on Sep 13, 2026· 47m 55s· 8 players
Game mode
Random Map
Map size
231×231
Population
200
Speed
Normal
Resources
Standard
Victory
Conquest
Starting age
Dark Age
Ending age
Imperial Age
RankedLock teamsTeams togetherTeam positionsShared explorationLock speedFull tech treeHidden civsTurbo modeCheats
Victory
Defeat
🇺🇸 Mongols · United States
1302
+15
🇫🇮 Hindustanis · Finland
1295
+15
🇺🇸 Khitans · United States
1250
+17
🇨🇳 Chinese · China
1239
+18
🇻🇪 Maya · Venezuela
1340
-20
🇻🇪 Celts · Venezuela
1276
-16
🇨🇱 Armenians · Chile
1258
-15
🇦🇷 Aztecs · Argentina
1226
-14
Tinkerino
10:03 Loom
14:07 Feudal Age
15:22 Double-Bit Axe
19:20 Castle Age
17:44 Stone Mining
19:05 Man-at-Arms
20:10 Scale Mail Armor
21:33 Long Swordsman
25:37 Bow Saw
25:42 Horse Collar
26:31 Gambesons
26:58 Scale Barding Armor
26:55 Padded Archer Armor
27:05 Forging
27:14 Chain Mail Armor
27:10 Forging
27:38 Arson
28:42 Wheelbarrow
34:33 Heavy Plow
36:50 Hand Cart
36:21 Town Watch
38:51 Iron Casting
42:53 Imperial Age
42:05 Stronghold
43:11 Stone Shaft Mining
42:58 Two-Handed Swordsman
43:50 Scale Barding Armor
44:18 Plate Mail Armor
44:50 Blast Furnace
44:06 Champion
GrandeAcure
11:43 Loom
13:30 Feudal Age
19:19 Castle Age
18:52 Fletching
19:52 Double-Bit Axe
21:37 Bodkin Arrow
21:52 Padded Archer Armor
23:10 Bow Saw
22:41 Horse Collar
24:56 Gold Mining
26:03 Wheelbarrow
26:59 Heavy Plow
29:55 Eagle Warrior
30:38 Scale Mail Armor
30:49 Forging
33:58 Hand Cart
36:22 Squires
36:07 Arson
36:39 Chain Mail Armor
36:59 Iron Casting
36:40 Leather Archer Armor
38:11 Town Watch
41:12 Ballistics
40:56 Stone Mining
44:32 Imperial Age
42:12 Thumb Ring
42:41 Masonry
42:07 Elite Skirmisher
43:05 Treadmill Crane
44:45 Hul'che Javelineers
45:18 Bracer
46:21 Chemistry
47:17 Ring Archer Armor
48:22 Two-Man Saw
47:54 Crop Rotation
TENECTEPLASA
6:06 Loom
14:08 Feudal Age
15:26 Double-Bit Axe
16:42 Gold Mining
19:16 Castle Age
17:29 Fishing Lines
19:01 Forging
20:25 Bow Saw
21:09 Gold Shaft Mining
21:11 Iron Casting
20:52 Medium Warships
20:56 Squires
21:09 Gambesons
23:17 Wheelbarrow
22:38 Man-at-Arms
23:07 Arson
24:09 Horse Collar
25:08 Careening
26:10 Long Swordsman
27:56 Clinker Construction
27:33 Two-Handed Swordsman
28:40 Fletching
28:54 Scale Mail Armor
30:55 Champion
32:14 Chain Mail Armor
34:19 Hand Cart
37:41 Imperial Age
35:03 Town Watch
35:35 Stone Mining
37:13 Gillnets
38:59 Plate Mail Armor
39:30 Blast Furnace
40:02 Conscription
40:53 Heavy Plow
40:47 Elite Skirmisher
42:03 Bodkin Arrow
42:09 Padded Archer Armor
42:23 Cilician Fleet
42:54 Hoardings
44:48 Chemistry
44:10 Ballistics
44:04 Masonry
44:14 Dry Dock
47:02 Bracer
46:40 Pikeman
Gokustar24
4:59 Loom
13:56 Feudal Age
14:33 Double-Bit Axe
19:45 Castle Age
19:42 Forging
20:25 Fishing Lines
20:45 Fletching
21:19 Bow Saw
21:01 Gold Mining
20:56 Crossbowman
22:59 Bodkin Arrow
25:23 Wheelbarrow
27:07 Ballistics
31:34 Padded Archer Armor
31:22 Horse Collar
33:53 Hand Cart
34:13 Town Watch
35:16 Elite Skirmisher
39:26 Imperial Age
36:52 Stone Mining
38:43 Eagle Warrior
39:26 Scale Mail Armor
39:16 Gambesons
39:36 Squires
39:38 Elite Eagle Warrior
41:24 Chain Mail Armor
41:45 Iron Casting
42:44 Plate Mail Armor
44:58 Pikeman
Sunday x Junior
4:34 Loom
13:42 Feudal Age
14:16 Double-Bit Axe
14:43 Town Watch
17:00 Fletching
20:15 Castle Age
21:28 Scale Mail Armor
21:39 Forging
21:00 Demolition Ship
21:54 Medium Warships
23:04 Chain Mail Armor
25:19 Horse Collar
27:29 Bow Saw
29:31 Iron Casting
32:23 Fishing Lines
33:52 Bodkin Arrow
40:40 Town Patrol
42:09 Scale Barding Armor
44:59 Wheelbarrow
44:28 Heavy Plow
45:36 Husbandry
47:09 Chain Barding Armor
46:14 Light Cavalry
47:31 Bloodlines
Peppyzizzle25
4:02 Loom
13:32 Feudal Age
18:08 Castle Age
15:57 Double-Bit Axe
16:26 Gold Mining
18:14 Wheelbarrow
17:56 Forging
19:48 Man-at-Arms
22:17 Iron Casting
21:50 Long Swordsman
34:35 Hand Cart
39:34 Bow Saw
42:20 Imperial Age
41:19 Gambesons
41:35 Squires
41:56 Scale Mail Armor
42:17 Stone Mining
44:13 Conscription
43:30 Two-Handed Swordsman
44:57 Chain Mail Armor
44:53 Arson
47:30 Plate Mail Armor
47:53 Lamellar Armor
Hero Unit
5:07 Loom
12:22 Feudal Age
13:05 Double-Bit Axe
13:47 Fishing Lines
18:47 Castle Age
17:20 Stone Mining
20:50 Gillnets
21:57 Wheelbarrow
21:18 Gold Mining
22:11 Bow Saw
23:08 Medium Warships
23:30 Fletching
24:28 Hand Cart
24:36 Bodkin Arrow
26:55 Padded Archer Armor
27:07 Horse Collar
27:55 Leather Archer Armor
27:54 Bloodlines
27:44 Husbandry
28:28 Heavy Plow
31:08 Gold Shaft Mining
31:09 Stone Shaft Mining
32:04 Ballistics
31:53 Thumb Ring
35:43 Imperial Age
35:25 Forging
35:21 Scale Barding Armor
34:40 Light Cavalry
35:47 Nomads
36:42 Iron Casting
36:29 Bracer
36:52 Siege Engineers
37:48 Chemistry
36:48 Hussar
38:39 Chain Barding Armor
41:08 Blast Furnace
40:55 Fortified Wall
40:55 Masonry
40:48 Elite Mangudai
41:48 Conscription
43:44 Nomads
44:24 Murder Holes
EU _XING
4:03 Loom
17:55 Feudal Age
19:38 Wheelbarrow
22:18 Castle Age
20:19 Town Watch
20:21 Fishing Lines
20:32 Double-Bit Axe
22:14 Town Watch
23:31 Bow Saw
23:16 Gold Mining
23:33 Stone Mining
24:12 Hand Cart
24:09 Medium Warships
25:40 Gold Shaft Mining
25:43 Stone Shaft Mining
26:29 Gillnets
34:15 Imperial Age
32:24 Town Patrol
32:39 Fletching
32:50 Padded Archer Armor
33:29 Bodkin Arrow
34:29 Leather Archer Armor
35:05 Bracer
36:03 Ring Archer Armor
35:57 Sappers
36:51 Conscription
37:42 Ballistics
38:22 Chemistry
37:21 Murder Holes
37:28 Elite Chu Ko Nu
39:14 Great Wall
39:01 Sappers
39:37 Arrowslits
40:54 Two-Man Saw
39:36 Light Cavalry
40:20 Husbandry
39:41 Cavalier
41:35 Bloodlines
42:42 Scale Barding Armor
42:47 Forging
44:06 Masonry
44:40 Chain Barding Armor
44:55 Iron Casting
48:51 Plate Barding Armor
Connection lost

Rejoining the realm…

Still unreachable

The connection could not be restored.

Session expired

The server has moved on; the page needs a fresh start.